 Dungeon Crawl Stone Soup version 0.30-a0-459-g9104f0fc43 (webtiles) character file.

Game seed: 3201757243563017701

3308 Essalna the Zephyrmancer (level 10, -1/63 HPs)
             Began as a Tengu Air Elementalist on Dec 15, 2022.
             Was a Believer of Vehumet.
             Killed by their own static electricity (4 damage)
             ... on level 9 of the Dungeon.
             The game lasted 00:19:26 (8181 turns).

Essalna the Zephyrmancer (Tengu Air Elementalist)   Turns: 8181, Time: 00:19:26

Health: -1/63      AC:  3    Str:  9    XL:     10   Next: 1%
Magic:  10/15      EV: 16    Int: 19    God:    Vehumet [**....]
Gold:   363        SH:  0    Dex: 18    Spells: 8/15 levels left

rFire   + . .      SeeInvis .    k - +11 mace "Udiown" {vorpal, *Rage Dex+3 Stlth+}
rCold   . . .      Faith    .    (no shield)
rNeg    . . .      Spirit   .    a - +0 robe
rPois   .          Reflect  .    (helmet restricted)
rElec   .          Harm     .    c - scarf {repulsion}
rCorr   .          Rampage  .    w - +0 pair of gloves
Will    .....      Rage     20%  (boots unavailable)
Stlth   +++.......               f - amulet of magic regeneration
HPRegen 0.30/turn                d - ring of wizardry
MPRegen 0.54/turn                s - ring of protection from fire

@: weakened, on berserk cooldown, flying quickly and evasively, repel missiles,
quick
A: beak, talons 3, nimble flight
a: Renounce Religion


You were on level 9 of the Dungeon.
You worshipped Vehumet.
Vehumet was pleased with you.
You visited 2 branches of the dungeon, and saw 10 of its levels.
You also visited: Sewer.

You collected 363 gold pieces.

Inventory:

Hand Weapons
 b - a +2 whip of flaming
 k - the +11 mace "Udiown" (weapon) {vorpal, *Rage Dex+3 Stlth+}
   (You took it off a goblin on level 4 of the Dungeon)

   It inflicts extra damage upon your enemies.
   Dex:       It affects your dexterity (+3).
   *Rage:     It berserks you when you make melee attacks (+20% chance).
   Stlth:     It makes you more stealthy.
Armour
 a - a +0 robe (worn)
 c - a scarf of repulsion (worn)
 w - a +0 pair of gloves (worn)
Jewellery
 d - a ring of wizardry (left hand)
 f - an amulet of magic regeneration (around neck)
 l - an amulet of regeneration
 n - an amulet of faith
 s - a ring of protection from fire (right hand)
Wands
 g - a wand of iceblast (28)
 x - a wand of mindburst (6)
Scrolls
 e - 5 scrolls of enchant weapon
 j - 6 scrolls of identify
 p - 2 scrolls of teleportation
 t - 2 scrolls of blinking
 y - a scroll of fog {unknown}
 z - a scroll of amnesia {unknown}
 A - a scroll of fear {unknown}
Potions
 h - 2 potions of magic
 i - a potion of brilliance
 m - a potion of heal wounds {unknown}
 o - 5 potions of mutation {unknown}
 q - 3 potions of curing
 r - 2 potions of cancellation {unknown}
 u - a potion of invisibility {unknown}
 v - 2 potions of might {unknown}
 B - a potion of haste {unknown}


   Skills:
 + Level 7.2 Fighting
 + Level 2.9 Armour
 + Level 3.7 Dodging
 - Level 2.0 Stealth
 + Level 3.2 Spellcasting
 + Level 9.8 Conjurations
 + Level 10.5 Air Magic


You had 8 spell levels left.
You knew the following spells:

 Your Spells              Type           Power      Damage    Failure   Level
a - Shock                 Conj/Air       100%       1d9       1%          1
b - Static Discharge      Conj/Air       82%        2-6/arc   1%          2
c - Airstrike             Air            21%        2d(4-20)  1%          4

Your spell library contained the following spells:

 Spells                   Type           Power      Damage    Failure   Level
 Foxfire                  Conj/Fire      84%        2x1d8     1%          1
 Kiss of Death            Conj/Necr      84%        2d11      1%          1
 Poisonous Vapours        Pois/Air       46%        N/A       1%          2
 Swiftness                Air            43%        N/A       1%          3
 Apportation              Tloc           6%         N/A       6%          1
 Necrotise                Necr           12%        1d4       6%          1
 Sting                    Tmut/Pois      12%        1d3       6%          1
 Summon Small Mammal      Summ           12%        N/A       6%          1
 Ensorcelled Hibernation  Hex/Ice        6%         N/A       9%          2
 Confusing Touch          Hex            3%         N/A       17%         3
 Gell's Gravitas          Tloc           3%         N/A       17%         3
 Lesser Beckoning         Tloc           6%         N/A       17%         3
 Spider Form              Tmut/Pois      3%         N/A       17%         3
 Teleport Other           Tloc           3%         N/A       17%         3
 Anguish                  Hex/Necr       1%         N/A       50%         4
 Dispel Undead            Necr           3%         3d7       50%         4
 Olgreb's Toxic Radiance  Pois           3%         N/A       50%         4
 Summon Ice Beast         Ice/Summ       3%         N/A       50%         4
 Summon Mana Viper        Hex/Summ       3%         N/A       82%         5
 Malign Gateway           Summ/Tloc      1%         N/A       100%        7
 Monstrous Menagerie      Summ           1%         N/A       100%        7
 Summon Horrible Things   Summ           1%         N/A       100%        8


Dungeon Overview and Level Annotations

Branches:
Dungeon (9/15)             Temple (1/1) D:5           Sewer (visited)
   Lair: D:8-11         Orc: D:9-12

Altars:
Elyvilon
Fedhas
Gozag
Hepliaklqana
Kikubaaqudgha
Makhleb
Nemelex Xobeh
Sif Muna
Vehumet
Wu Jian
Xom
Yredelemnul
Zin
The Shining One

Shops:
D:2 :   D:4 :*=   D:7 =


Innate Abilities, Weirdness & Mutations

You have a beak for a mouth.
You have claws for feet.
Your magical nature lets you fly swiftly and evasively.


Message History

There is a stone staircase leading up here.
You feel better. The gnoll bouda barely misses you.
The gnoll hits you with a +0 spear.
* * * LOW HITPOINT WARNING * * *
You feel better.
The gnoll bouda hits you with a +0 whip!
* * * LOW HITPOINT WARNING * * *
The gnoll hits you with a +0 spear!
* * * LOW HITPOINT WARNING * * *
You feel better.
The gnoll bouda barks out a call to the hunt!
The gnoll picks up the pace!
The gnoll misses you.
Casting: Static Discharge (safe; 1% risk of failure)
Confirm with . or Enter, or press ? or * to list all spells.
The gnoll bouda is struck by an arc of lightning.
The gnoll bouda is lightly wounded.
You are struck by an arc of lightning.
The gnoll is struck by an arc of lightning.
The gnoll is almost dead.
You are struck by an arc of lightning.
* * * LOW HITPOINT WARNING * * *
The lightning grounds out.
The gnoll bouda hits you with a +0 whip!
* * * LOW HITPOINT WARNING * * *
The gnoll closely misses you.
Casting: Static Discharge (safe; 1% risk of failure)
Confirm with . or Enter, or press ? or * to list all spells.
The gnoll bouda is struck by an arc of lightning.
The gnoll bouda is moderately wounded.
You are struck by an arc of lightning.
* * * LOW HITPOINT WARNING * * *
The gnoll bouda is struck by an arc of lightning.
The gnoll bouda is heavily wounded.
The lightning grounds out.
The gnoll is struck by an arc of lightning!
You kill the gnoll!
Vehumet accepts your kill.
You are struck by an arc of lightning.
You die...

### ..# #.#####
#.#...
#.#.#########
#...(........
#))...#######
#@###.......#
####)g#..#####.#
#))..).)...#
#.###.#)##.#
#.#.# .# #.#.#
.. #)#.# ##.
#.#. #. ...g #.


You could see a gnoll bouda.

Vanquished Creatures
  A hornet (D:7)
  Sigmund (D:5)
  Eustachio (D:4)
  A yak (D:8)
  A steam dragon (D:8)
  An orc warrior (D:8)
  An ice beast (D:7)
  2 centaurs
  A phantom (D:6)
  A black bear (D:7)
  2 ogres (D:5)
  3 kobold brigands
  Blork the orc (D:5)
  A bullfrog (D:7)
  2 necrophages
  6 wights
  4 killer bees
  A howler monkey (D:7)
  3 hounds
  5 orc priests
  A jelly (D:6)
  3 iguanas
  7 orc wizards
  Robin (D:4)
  4 adders
  12 gnolls
  A shadow imp (D:6)
  2 white imps
  A worm (D:3)
  2 dart slugs
  48 orcs
  4 ball pythons
  12 endoplasms
  3 giant cockroaches
  10 hobgoblins
  4 jackals (D:4)
  5 quokkas
  9 bats
  5 frilled lizards
  17 goblins
  16 kobolds
  9 rats
215 creatures vanquished.

Vanquished Creatures (others)
  19 plants
19 creatures vanquished.

Grand Total: 234 creatures vanquished

Notes
Turn   | Place    | Note
-------+----------+-------------------------------------------
     0 | D:1      | Essalna the Tengu Air Elementalist began the quest for the
                  | Orb.
     0 | D:1      | Reached XP level 1. HP: 10/10 MP: 4/4
   186 | D:1      | Reached XP level 2. HP: 16/16 MP: 1/6
   354 | D:1      | Reached skill level 1 in Fighting
   532 | D:1      | Learned a level 2 spell: Static Discharge
  1270 | D:2      | Reached XP level 3. HP: 5/20 MP: 4/7
  1554 | D:2      | Found Coaqol's Book Shop.
  1744 | D:2      | Found an opulent altar of Gozag.
  2020 | D:3      | Reached XP level 4. HP: 26/26 MP: 3/8
  2153 | D:3      | Found an ornate altar of the Wu Jian Council.
  2200 | D:3      | Reached skill level 5 in Air Magic
  2440 | D:3      | Gained mutation: Your magical nature lets you fly swiftly
                  | and evasively. [Tengu growth]
  2440 | D:3      | Reached XP level 5. HP: 17/31 MP: 0/9
  3516 | D:4      | Found Tilogh's Book Shop.
  3537 | D:4      | Reached skill level 6 in Air Magic
  3537 | D:4      | Reached XP level 6. HP: 35/36 MP: 5/10
  3558 | D:4      | Identified the +11 mace "Udiown" {vorpal, *Rage Dex+3
                  | Stlth+}
  3786 | D:4      | Reached skill level 5 in Conjurations
  4047 | D:4      | Found Rimue's Jewellery Boutique.
  4122 | D:4      | Found a hazy altar of Hepliaklqana.
  4163 | D:4      | Found Mod Gaqi's Assorted Antiques.
  4181 | D:4      | Noticed Robin
  4190 | D:4      | Killed Robin
  4262 | D:4      | Found an opulent altar of Gozag.
  4416 | D:5      | Entered Level 5 of the Dungeon
  4423 | D:5      | Reached XP level 7. HP: 24/42 MP: 0/11
  4651 | D:5      | Reached skill level 7 in Air Magic
  4822 | D:5      | Noticed Sigmund
  4843 | D:5      | Killed Sigmund
  4894 | D:5      | Found a staircase to the Ecumenical Temple.
  4895 | D:5      | Noticed Blork the orc
  4903 | Temple   | Entered the Ecumenical Temple
  5007 | Temple   | Became a worshipper of Vehumet
  5037 | D:5      | Killed Blork the orc
  5038 | D:5      | Reached XP level 8. HP: 48/48 MP: 12/12
  5298 | D:5      | Found a glowing golden altar of the Shining One.
  5309 | D:5      | Reached skill level 5 in Fighting
  5360 | D:5      | Reached skill level 8 in Air Magic
  5410 | D:5      | Noticed Eustachio
  5487 | D:4      | Killed Eustachio
  5920 | D:6      | Found a glowing drain.
  5934 | Sewer    | Entered a sewer
  5960 | Sewer    | Learned a level 4 spell: Airstrike
  6080 | Sewer    | Reached * piety under Vehumet
  6080 | Sewer    | Offered knowledge of Freeze by Vehumet.
  6224 | Sewer    | Reached skill level 9 in Air Magic
  6703 | D:6      | Reached XP level 9. HP: 31/55 MP: 0/13
  6787 | D:6      | Found an ancient bone altar of Kikubaaqudgha.
  6883 | D:6      | Found a shimmering blue altar of Sif Muna.
  7006 | D:7      | Noticed a hornet
  7013 | D:7      | Killed a hornet
  7310 | D:7      | Reached skill level 1 in Armour
  7367 | D:7      | Found Seken's Jewellery Boutique.
  7531 | D:7      | Offered knowledge of Foxfire by Vehumet.
  7532 | D:7      | Reached skill level 10 in Air Magic
  7745 | D:8      | Reached ** piety under Vehumet
  8163 | D:9      | Reached XP level 10. HP: 62/63 MP: 13/15
  8181 | D:9      | HP: 3/63 [/static electricity (5)]
  8181 | D:9      | Killed from afar by themself

Illustrated notes

Levels and vault maps discovered:
D:1:      minmay_arrival_plants_in_alcoves, layout_basic
D:2:      layout_basic, serial_shops, nicolae_shop_hallway_plus, basic_altar
D:3:      layout_loops_ring, pdpol_wu_jian_five_deadly_venoms,
          grunt_ministairs_4, minmay_surrounded
D:4:      layout_cave_pools, nicolae_hepliaklqana_hazy_memory,
          grunt_gozag_breadcrumbs, serial_shops, nicolae_shop_advertising_works
          [nicolae_subvault_shop_adworks], kennysheep_mini_moat,
          nicolae_shop_crystal, uniq_robin
D:5:      layout_cave_pods, general_overflow_altar,
          minmay_temple_entry_gardened_gates, chequers_arboretum,
          uniq_eustachio, uniq_sigmund, uniq_blork_the_orc
D:6:      layout_loops_ring, kiku_gazebo_garden_becter,
          mainiacjoe_overflow_surrounded_room, cheibrodos_sewer_entry_drain,
          hex_tiny, chequers_serial_rivers_micro_a
D:7:      layout_loops_cross, serial_shops, shop
D:8:      layout_cave_pools, nicolae_qazlal_general_emergency, lair_entry_dummy
D:9:      gammafunk_corrupted_shrine, layout_loops_ring,
          nicolae_ru_path_of_blood, minmay_misc_feat_four_crosses, uniq_grum
Temple:   dpeg_chambers_temple

Skill      XL: |  1  2  3  4  5  6  7  8  9 |
---------------+----------------------------+-----
Conjurations   | 2 3 4 5 6 8 9 |  9.8
Fighting       | 1 2 3 4 6 7 |  7.2
Air Magic      | 5 6 7 9 10 | 10.5
Armour         | 2 |  2.9
Dodging        | 3 |  3.7
Spellcasting   | 3 |  3.2
Stealth        | |  2.0

Action                   |  1- 3 |  4- 6 |  7- 9 | 10-12 || total
-------------------------+-------+-------+-------+-------++-------
Melee: Unarmed           |       |    17 |       |       ||    17
       Kick              |       |     6 |     7 |       ||    13
       Peck              |       |     2 |     6 |       ||     8
       Mace              |       |     9 |    45 |       ||    54
 Cast: Shock             |    83 |   136 |   233 |       ||   452
       Static Discharge  |     1 |    10 |    20 |     7 ||    38
       Airstrike         |       |       |     3 |       ||     3
  Use: Potion            |     1 |     3 |       |     3 ||     7
       Scroll            |       |     3 |     3 |       ||     6
 Stab: Sleeping          |       |       |     1 |       ||     1
Armor: Skin              |       |    27 |       |       ||    27
       Robe              |       |     6 |    17 |       ||    23
Dodge: Dodged            |     4 |    26 |    98 |    16 ||   144
       Repelled          |       |       |     3 |       ||     3

Table legend: (Time is in decaauts)
 A = Elapsed time spent in this place.
 B = Non-inter-level travel time spent in this place.
 C = Inter-level travel time spent in this place.
 D = Time resting spent in this place.
 E = Time spent auto-exploring this place.
 F = Levels seen in this place.
 G = Mean time per level.
                   A        B        C        D        E       F      G
               +--------+--------+--------+--------+--------+-----+--------+
         Total |   8002 |   7797 |    205 |    481 |   6070 |  11 |  727.5 |
       Dungeon |   7562 |   7375 |    187 |    481 |   5755 |   9 |  840.2 |
        Temple |    113 |     95 |     18 |      0 |     78 |   1 |  113.0 |
         Sewer |    326 |    326 |      0 |      0 |    236 |   1 |  326.0 |
               +--------+--------+--------+--------+--------+-----+--------+

Top non-repeatable levels by time:
     D:4: 1450 daAuts
     D:3: 1273 daAuts
     D:1: 1258 daAuts
     D:5: 996 daAuts
     D:7: 815 daAuts
     D:2: 728 daAuts
     D:6: 673 daAuts
   Sewer: 326 daAuts
     D:8: 316 daAuts
  Temple: 113 daAuts
     D:9: 49 daAuts
